 Dungeon Crawl Stone Soup version 0.27.1-33-g824d729ab1 (webtiles) character file.

Game seed: 2362713456574837524

1746 DenSaoPin the Cleaver (level 8, -9/64 HPs)
             Began as a Minotaur Fighter on Dec 1, 2021.
             Was a Believer of Okawaru.
             Killed from afar by an electric eel (14 damage)
             ... with a bolt of electricity
             ... on level 7 of the Dungeon.
             The game lasted 00:11:10 (6299 turns).

DenSaoPin the Cleaver (Minotaur Fighter)            Turns: 6299, Time: 00:11:11

Health: -9/64      AC: 13    Str: 21    XL:     8   Next: 77%
Magic:  11/11      EV:  4    Int:  6    God:    Okawaru [**....]
Gold:   427        SH: 11    Dex: 11    Spells: 7/7 levels left

rFire    . . .     SeeInvis .   p - +1 hand axe (flame)
rCold    . . .     Faith    +   c - +0 kite shield
rNeg     . . .     Spirit   .   x - +0 plate armour
rPois    .         Reflect  .   (helmet restricted)
rElec    .         Harm     .   (no cloak)
rCorr    .         Rampage  .   z - +0 pair of gloves
Will     .....                  w - +0 pair of boots
Stlth    ..........             i - amulet of faith
HPRegen  0.20/turn              (no ring)
MPRegen  0.12/turn              (no ring)

@: studying Staves
A: horns 2, retaliatory headbutt
a: Renounce Religion, Heroism


You were on level 7 of the Dungeon.
You worshipped Okawaru.
Okawaru was pleased with you.
You visited 1 branch of the dungeon, and saw 7 of its levels.

You collected 427 gold pieces.

Inventory:

Hand Weapons
 a - a +0 war axe
 p - a +1 hand axe of flaming (weapon)
 E - a +0 shortbow
Missiles
 g - 14 poisoned darts (quivered)
 t - 79 arrows
 A - 19 bolts
Armour
 b - a +0 scale mail
 c - a +0 kite shield (worn)
 w - a +0 pair of boots (worn)
 x - a +0 plate armour (worn)
 z - a +0 pair of gloves (worn)
Jewellery
 i - an amulet of faith (around neck)
Wands
 o - a wand of mindburst (13)
 r - a wand of iceblast (16)
Scrolls
 e - a scroll of magic mapping {unknown}
 f - 5 scrolls of identify {unknown}
 h - a scroll of enchant weapon {unknown}
 j - 3 scrolls of amnesia {unknown}
 k - 2 scrolls of immolation {unknown}
 m - 2 scrolls of teleportation {unknown}
 v - a scroll of enchant armour {unknown}
 y - a scroll of noise {unknown}
 F - a scroll of acquirement {unknown}
Potions
 d - 2 potions of might
 l - 6 potions of curing {unknown}
 n - a potion of degeneration {unknown}
 q - 4 potions of ambrosia {unknown}
 s - a potion of magic {unknown}
 u - 2 potions of heal wounds
 B - a potion of resistance {unknown}
 C - a potion of brilliance {unknown}
 D - a potion of lignification {unknown}


   Skills:
 - Level 3.6 Fighting
 + Level 9.8 Axes
 - Level 3.6 Armour
 - Level 7.4 Shields
 + Level 5.7 Invocations


You had 7 spell levels left.
You didn't know any spells.
Your spell library contained the following spells:

 Spells                   Type           Power      Damage    Failure   Level
 Sting                    Tmut/Pois      0%         1d3       100%        1
 Poisonous Vapours        Pois/Air       0%         N/A       100%        2
 Static Discharge         Conj/Air       0%         N/A       100%        2
 Portal Projectile        Hex/Tloc       0%         N/A       100%        3
 Dispel Undead            Necr           0%         3d6       100%        4
 Olgreb's Toxic Radiance  Pois           0%         N/A       100%        4
 Sticky Flame             Conj/Fire      0%         2d3       100%        4
 Blade Hands              Tmut           0%         N/A       100%        5
 Excruciating Wounds      Necr           0%         N/A       100%        5
 Chain Lightning          Conj/Air       0%         N/A       100%        9
 Fire Storm               Conj/Fire      0%         5d1       100%        9


Dungeon Overview and Level Annotations

Branches:
Dungeon (7/15)             Temple (0/1) D:5

Altars:
Gozag
Hepliaklqana
Okawaru

Shops:
D:1 [   D:2 *


Innate Abilities, Weirdness & Mutations

You have a pair of horns on your head.
You reflexively headbutt those who attack you in melee.


Message History

The electric eel shoots out a bolt of lightning at you!
The bolt of electricity hits you. The bolt of electricity hits you!
The bolt of electricity hits the electric eel.
The electric eel completely resists.
You hit the electric eel. You burn the electric eel.
The electric eel is moderately wounded.
The electric eel shoots out a bolt of lightning at you!
The bolt of electricity hits you. The bolt of electricity hits you!
The bolt of electricity hits the electric eel.
The electric eel completely resists.
You hit the electric eel. You burn the electric eel.
The electric eel is heavily wounded.
You hit the electric eel but do no damage.
The electric eel is heavily wounded.
You hit the electric eel. You burn the electric eel.
Your headbutt misses the electric eel.
The electric eel is almost dead.
You barely miss the electric eel. Your headbutt misses the electric eel.
The electric eel is almost dead.
You miss the electric eel.
The electric eel is almost dead.
Your unstable footing causes you to fumble your attack.
The electric eel shoots out a bolt of lightning at you!
The bolt of electricity hits you! x2
* * * LOW HITPOINT WARNING * * *
The bolt of electricity hits the electric eel.
The electric eel completely resists.
Your unstable footing causes you to fumble your attack.
The electric eel shoots out a bolt of lightning at you!
The bolt of electricity hits you.
* * * LOW HITPOINT WARNING * * *
The bolt of electricity hits you!
* * * LOW HITPOINT WARNING * * *
The bolt of electricity hits the electric eel.
The electric eel completely resists.
You miss the electric eel.
The electric eel is almost dead.
The electric eel shoots out a bolt of lightning at you!
The bolt of electricity hits you!
You die...

≈ ##.≈≈≈≈≈. #≈
##.≈≈ ≈≈≈# #≈#
#≈≈≈###.## #.#####
#≈...#...#
#....###.........
#....'.#.........
#....'.'.........
##....###.........
##@#####
#....#(..# #;##
##≈.###.## #≈≈#
#≈≈.#≈≈≈# ≈≈≈#
##≈≈≈≈≈≈. #≈≈≈#
##.#≈.≈≈ #≈≈≈#
##..#.≈ #≈≈≈≈
##.##P #≈≈≈≈ ## #.
#≈≈≈≈≈ ..


You could see an electric eel.

Vanquished Creatures
  Sigmund (D:3)
  A black bear (D:5)
  An ice beast (D:5)
  A necrophage (D:7)
  2 ogres
  A centaur (D:7)
  A phantom (D:7)
  A bullfrog (D:6)
  2 scorpions
  A wyvern zombie (D:7)
  A bullfrog zombie (D:6)
  3 hounds
  A bullfrog skeleton (D:4)
  2 jellies
  3 orc priests (D:5)
  A gnoll shaman (D:5)
  2 centaur skeletons
  Ijyb (D:3)
  2 iguanas
  An orc wizard (D:7)
  A hound skeleton (D:4)
  A howler monkey zombie (D:6)
  Robin (D:3)
  5 gnolls (D:5)
  6 adders
  2 white imps (D:5)
  2 ufetubi
  A worm (D:3)
  3 dart slugs
  7 orcs
  8 bats
  6 endoplasms
  6 giant cockroaches
  13 goblins
  10 hobgoblins
  17 jackals
  3 kobolds
  9 quokkas
  5 ball pythons
  A frilled lizard (D:3)
  A quokka skeleton (D:4)
  4 rats
141 creatures vanquished.

Notes
Turn   | Place    | Note
-------+----------+-------------------------------------------
     0 | D:1      | DenSaoPin the Minotaur Fighter began the quest for the Orb.
     0 | D:1      | Reached XP level 1. HP: 19/19 MP: 0/0
   145 | D:1      | Found a faded altar of an unknown god.
   264 | D:1      | Reached XP level 2. HP: 26/26 MP: 1/1
   298 | D:1      | Reached skill level 3 in Axes
   373 | D:1      | Found Ommoelou's Antique Armour Shoppe.
   929 | D:2      | Reached XP level 3. HP: 31/31 MP: 2/2
  1412 | D:2      | Found Mareerph's Assorted Antiques.
  1499 | D:2      | Reached skill level 4 in Axes
  1538 | D:3      | Noticed Sigmund
  1548 | D:3      | Killed Sigmund
  1549 | D:3      | Reached skill level 5 in Axes
  1549 | D:3      | Reached XP level 4. HP: 39/39 MP: 3/3
  1549 | D:3      | Reached XP level 5. HP: 45/45 MP: 4/4
  1718 | D:3      | Noticed Ijyb
  1733 | D:3      | Killed Ijyb
  2120 | D:3      | Noticed Robin
  2131 | D:3      | Reached XP level 6. HP: 39/51 MP: 5/5
  2144 | D:3      | Killed Robin
  2573 | D:4      | Found an opulent altar of Gozag.
  2588 | D:4      | Reached skill level 6 in Axes
  2675 | D:4      | Found an iron altar of Okawaru.
  2683 | D:4      | Became a worshipper of Warmaster Okawaru
  3140 | D:4      | Reached XP level 7. HP: 39/57 MP: 6/6
  3308 | D:4      | Found a hazy altar of Hepliaklqana.
  3628 | D:5      | Entered Level 5 of the Dungeon
  3661 | D:5      | Reached skill level 7 in Axes
  3661 | D:5      | Reached skill level 1 in Invocations
  3902 | D:5      | Reached * piety under Okawaru
  4123 | D:5      | Reached skill level 8 in Axes
  4362 | D:5      | Found a staircase to the Ecumenical Temple.
  4378 | D:5      | Reached XP level 8. HP: 64/64 MP: 9/9
  5102 | D:6      | Reached ** piety under Okawaru
  5637 | D:7      | Reached skill level 9 in Axes
  5728 | D:7      | Reached skill level 5 in Invocations
  6299 | D:7      | Killed from afar by an electric eel

Illustrated notes

Levels and vault maps discovered:
D:1:      sevenhm_arrival_forest_fort_large_4, layout_rooms,
          dreamdust_ecumenical_altar_angels_and_demons, serial_shops,
          nicolae_shop_waterfront, minmay_ruptured
D:2:      layout_basic, serial_shops, nicolae_shop_overgrown_old_shop,
          minmay_worlds_worst_comb
D:3:      layout_basic, uniq_robin, uniq_sigmund, uniq_ijyb
D:4:      layout_gridville, nzn_hepliaklqana_mist_gate,
          mainiacjoe_overflow_catch_the_wave, minmay_manual_mail
D:5:      cheibrodos_iron_armory, layout_loops_ring,
          minmay_temple_entry_drinking_statues
D:6:      layout_rooms, serial_bayou_crossing
D:7:      wad_lake_hut, layout_basic, skrybe_limestone_x,
          uniq_crazy_yiuf_cottage

Skill      XL: |  1  2  3  4  5  6  7  8 |
---------------+-------------------------+-----
Shields        | 4 6 7 |  7.4
Axes           | 3 5 6 8 9 |  9.8
Invocations    | 3 5 |  5.7
Fighting       | |  3.6
Armour         | |  3.6

Action                   |  1- 3 |  4- 6 |  7- 9 || total
-------------------------+-------+-------+-------++-------
Melee: War axe           |    86 |       |       ||    86
       Headbutt          |     8 |    22 |    33 ||    63
       Hand axe          |    16 |   111 |   226 ||   353
Throw: Dart              |       |     1 |     2 ||     3
Armor: Scale mail        |    45 |    38 |     2 ||    85
       Plate armour      |       |       |   111 ||   111
Dodge: Dodged            |    23 |    22 |    31 ||    76
Block: Kite shield       |    53 |    61 |   102 ||   216
